NCAA
OKLAHOMA STATE COWBOYS @ OKLAHOMA SOONERS
04/23/2028
 
TOP OF THE 1ST
Oklahoma State Cowboys batting - Pitching for Oklahoma Sooners : LHP John Hall
Pitching: LHP John Hall
Batting: RHB Derrek Lane 0-0: Ball
1-0: Foul Ball, location: 2F
1-1: Swinging Strike
1-2: SINGLE (Line Drive, 8LS)
Batting: RHB Brian Baker 0-0: Ball
1-0: Ball
2-0: Ball
3-0: Base on Balls
Derrek Lane to second
Batting: SHB Jacob Lachance 0-0: Ball
1-0: SINGLE (Groundball, 56D)
Derrek Lane to third
Brian Baker to second
Runner from 3rd tries for Home, SAFE, no throw
Batting: RHB Burt Sharp 0-0: Called Strike
0-1: Ball
1-1: Ball
2-1: Foul Ball, location: 2F
2-2: Fly out, F8 (Flyball, 8RS)
Batting: SHB Ernest Hood 0-0: Grounds into double play, 6-4-3 (Groundball, 56)
Top of the 1st over - 1 run(s), 2 hit(s), 0 error(s), 1 left on base; Oklahoma State 1 - Oklahoma 0
BOTTOM OF THE 1ST
Oklahoma Sooners batting - Pitching for Oklahoma State Cowboys : LHP Andrew Steele
Pitching: LHP Andrew Steele
Batting: RHB Fernando Gómez 0-0: Ball
1-0: Foul Ball, location: 2F
1-1: Ball
2-1: Ball
3-1: Base on Balls
Batting: LHB Mark Watson 0-0: Ball
Fernando Gómez is caught stealing 2nd base
1-0: Swinging Strike
1-1: Ball
2-1: Fly out, F9 (Flyball, 9S)
Batting: RHB Rafael Barajas 0-0: Ball
1-0: Called Strike
1-1: Ball
2-1: Ground out 1-3 (Groundball, 15S)
Bottom of the 1st over - 0 run(s), 0 hit(s), 0 error(s), 0 left on base; Oklahoma State 1 - Oklahoma 0
TOP OF THE 2ND
Oklahoma State Cowboys batting - Pitching for Oklahoma Sooners : LHP John Hall
Batting: RHB Sean Merritt 0-0: Swinging Strike
0-1: Swinging Strike
0-2: Strikes out looking
Batting: SHB Steve Miner 0-0: Called Strike
0-1: Foul Ball, location: 2F
0-2: Foul Ball, location: 2F
0-2: Strikes out swinging
Batting: RHB Doug Wells 0-0: Ball
1-0: Ball
2-0: Foul Ball, location: 2F
2-1: Swinging Strike
2-2: Ball
3-2: Base on Balls
Batting: SHB Myles Hopkins 0-0: Ball
1-0: Foul Ball, location: 2F
1-1: Called Strike
1-2: Ball
2-2: Ball
3-2: Foul Ball, location: 2F
3-2: Strikes out swinging
Top of the 2nd over - 0 run(s), 0 hit(s), 0 error(s), 1 left on base; Oklahoma State 1 - Oklahoma 0
BOTTOM OF THE 2ND
Oklahoma Sooners batting - Pitching for Oklahoma State Cowboys : LHP Andrew Steele
Batting: RHB Albert Morán 0-0: Called Strike
0-1: DOUBLE (Line Drive, 78M)
Batting: RHB Bryant Caldwell 0-0: Called Strike
0-1: Reached on error, E5 (Groundball, 56S)
Albert Morán scores
Batting: SHB Allen King 0-0: Ball
1-0: Foul Ball, location: 2F
1-1: 2-RUN HOME RUN (Flyball, 7D), Distance : 369 ft
Batting: RHB Andrés Macíal 0-0: Ground out 4-3 (Groundball, 4)
Batting: RHB Elliott Crouch 0-0: SINGLE (Groundball, 56D)
Batting: RHB Ambrosio Hernández 0-0: Called Strike
0-1: Called Strike
0-2: Strikes out looking
Batting: RHB Fernando Gómez 0-0: Ball
1-0: Foul Ball, location: 2F
1-1: Ball
2-1: Ball
3-1: Base on Balls
Elliott Crouch to second
Batting: LHB Mark Watson 0-0: Foul Ball, location: 2F
0-1: Reached on error, E3 (Groundball, 3)
Elliott Crouch to third
Fernando Gómez to second
Batting: RHB Rafael Barajas 0-0: Ball
1-0: Swinging Strike
1-1: Ball
2-1: Swinging Strike
2-2: Ball
3-2: Foul Ball, location: 2F
3-2: Fly out, F7 (Flyball, 7)
Bottom of the 2nd over - 3 run(s), 3 hit(s), 2 error(s), 3 left on base; Oklahoma State 1 - Oklahoma 3
TOP OF THE 3RD
Oklahoma State Cowboys batting - Pitching for Oklahoma Sooners : LHP John Hall
Batting: RHB Derrek Lane 0-0: Called Strike
0-1: Ball
1-1: Foul Ball, location: 2F
1-2: Foul Ball, location: 2F
1-2: Ball
2-2: Foul Ball, location: 2F
2-2: Ground out 4-3 (Groundball, 4)
Batting: RHB Brian Baker 0-0: Ball
1-0: Swinging Strike
1-1: Ball
2-1: Ball
3-1: Base on Balls
Batting: SHB Jacob Lachance 0-0: Grounds into double play, 5-4-3 (Groundball, 56)
Top of the 3rd over - 0 run(s), 0 hit(s), 0 error(s), 0 left on base; Oklahoma State 1 - Oklahoma 3
BOTTOM OF THE 3RD
Oklahoma Sooners batting - Pitching for Oklahoma State Cowboys : LHP Andrew Steele
Batting: RHB Albert Morán 0-0: SINGLE (Groundball, 4MD)
Batting: RHB Bryant Caldwell 0-0: Ball
1-0: Swinging Strike
1-1: Foul Ball, location: 2F
1-2: Strikes out swinging
Batting: SHB Allen King 0-0: Ball
1-0: Foul Ball, location: 2F
1-1: Ball
2-1: Ball
3-1: Foul Ball, location: 2F
3-2: Strikes out swinging
Throwing error on steal attempt, E2
Albert Morán to third
Batting: RHB Andrés Macíal 0-0: Ball
1-0: Foul Ball, location: 2F
1-1: SINGLE (Groundball, 6S) (infield hit)
Albert Morán scores
Batting: RHB Elliott Crouch 0-0: Ball
1-0: Ball
2-0: Ground out U3 (Groundball, 34)
Bottom of the 3rd over - 1 run(s), 2 hit(s), 1 error(s), 1 left on base; Oklahoma State 1 - Oklahoma 4
TOP OF THE 4TH
Oklahoma State Cowboys batting - Pitching for Oklahoma Sooners : LHP John Hall
Batting: RHB Burt Sharp 0-0: Called Strike
0-1: Foul Ball, location: 2F
0-2: Ball
1-2: Ball
2-2: Ball
3-2: Base on Balls
Batting: SHB Ernest Hood 0-0: Foul Ball, location: 2F
0-1: Foul Ball, location: 2F
0-2: Foul Ball, location: 2F
0-2: Ball
1-2: Foul Ball, location: 2F
1-2: Fielders Choice at 2nd, 1-6 (Groundball, P)
Batting: RHB Sean Merritt 0-0: Grounds into double play, 4-6-3 (Groundball, 4)
Top of the 4th over - 0 run(s), 0 hit(s), 0 error(s), 0 left on base; Oklahoma State 1 - Oklahoma 4
BOTTOM OF THE 4TH
Oklahoma Sooners batting - Pitching for Oklahoma State Cowboys : LHP Andrew Steele
Batting: RHB Ambrosio Hernández 0-0: Called Strike
0-1: Ball
1-1: Ball
2-1: Ball
3-1: Called Strike
3-2: SINGLE (Groundball, 56S) (infield hit)
Batting: RHB Fernando Gómez 0-0: Called Strike
0-1: Foul Ball, location: 2F
0-2: Foul Ball, location: 2F
0-2: SINGLE (Line Drive, 6MD)
Ambrosio Hernández to second
Batting: LHB Mark Watson 0-0: Swinging Strike
0-1: Ball
1-1: 3-RUN HOME RUN (Flyball, 9D), Distance : 363 ft
Pitching: RHP Ryan Park
Batting: RHB Rafael Barajas 0-0: Called Strike
0-1: Ball
1-1: Ball
2-1: Foul Ball, location: 2F
2-2: Ball
3-2: Base on Balls
Batting: RHB Albert Morán 0-0: Ball
1-0: Swinging Strike
1-1: Ball
2-1: Ball
3-1: Foul Ball, location: 2F
3-2: Base on Balls
Rafael Barajas to second
Batting: RHB Bryant Caldwell 0-0: Ball
1-0: Foul Ball, location: 2F
1-1: Grounds into double play, 5-4-3 (Groundball, 56)
Rafael Barajas to third
Batting: SHB Allen King 0-0: Ball
1-0: Ball
2-0: Ball
3-0: Base on Balls
Batting: RHB Andrés Macíal 0-0: Called Strike
0-1: Ball
1-1: 3-RUN HOME RUN (Flyball, 9D), Distance : 371 ft
Batting: RHB Elliott Crouch 0-0: Called Strike
0-1: Foul Ball, location: 2F
0-2: Strikes out looking
Bottom of the 4th over - 6 run(s), 4 hit(s), 0 error(s), 0 left on base; Oklahoma State 1 - Oklahoma 10
TOP OF THE 5TH
Oklahoma State Cowboys batting - Pitching for Oklahoma Sooners : LHP John Hall
Batting: SHB Steve Miner 0-0: Fly out, F4 (Popup, 4D)
Batting: RHB Doug Wells 0-0: Called Strike
0-1: Ball
1-1: Ground out 6-3 (Groundball, 6)
Batting: SHB Myles Hopkins 0-0: Called Strike
0-1: Ball
1-1: Foul Ball, location: 2F
1-2: Ball
2-2: Foul Ball, location: 2F
2-2: Strikes out swinging
Top of the 5th over - 0 run(s), 0 hit(s), 0 error(s), 0 left on base; Oklahoma State 1 - Oklahoma 10
BOTTOM OF THE 5TH
Oklahoma Sooners batting - Pitching for Oklahoma State Cowboys : RHP Ryan Park
Pitching: RHP Arturo Soto
Batting: RHB Ambrosio Hernández 0-0: Swinging Strike
0-1: Swinging Strike
0-2: Strikes out swinging
Batting: RHB Fernando Gómez 0-0: Ball
1-0: Ball
2-0: Ball
3-0: Called Strike
3-1: Base on Balls
Batting: LHB Mark Watson 0-0: Called Strike
0-1: Ball
1-1: Ball
2-1: Ball
3-1: Base on Balls
Fernando Gómez to second
Batting: RHB Rafael Barajas 0-0: Swinging Strike
0-1: Called Strike
0-2: Ball
1-2: Foul Ball, location: 2F
1-2: Ball
2-2: Foul Ball, location: 2F
2-2: Foul Ball, location: 2F
2-2: Ball
3-2: 3-RUN HOME RUN (Flyball, 7D), Distance : 343 ft
Pitching: LHP Michael Terry
Batting: RHB Albert Morán 0-0: Called Strike
0-1: Ball
1-1: Swinging Strike
1-2: Ball
2-2: Fly out, F8 (Flyball, 8RM)
Batting: RHB Bryant Caldwell 0-0: Ball
1-0: Ball
2-0: Ball
3-0: Called Strike
3-1: Ground out 4-3 (Groundball, 4)
Bottom of the 5th over - 3 run(s), 1 hit(s), 0 error(s), 0 left on base; Oklahoma State 1 - Oklahoma 13
TOP OF THE 6TH
Oklahoma State Cowboys batting - Pitching for Oklahoma Sooners : LHP John Hall
Batting: RHB Derrek Lane 0-0: Ball
1-0: Foul Ball, location: 2F
1-1: SINGLE (Groundball, 56D)
Batting: RHB Brian Baker 0-0: Called Strike
0-1: Ground out 5-3 (Groundball, 5S)
Derrek Lane to second
Batting: SHB Jacob Lachance 0-0: Ball
1-0: Called Strike
1-1: Fly out, F8 (Flyball, 8RS)
Pitching: RHP Sean Williams
Batting: RHB Burt Sharp 0-0: SINGLE (Groundball, 4M) (infield hit)
Derrek Lane to third
Batting: SHB Ernest Hood 0-0: Called Strike
0-1: Swinging Strike
0-2: Fly out, F8 (Flyball, 8LM)
Top of the 6th over - 0 run(s), 2 hit(s), 0 error(s), 2 left on base; Oklahoma State 1 - Oklahoma 13
BOTTOM OF THE 6TH
Oklahoma Sooners batting - Pitching for Oklahoma State Cowboys : LHP Michael Terry
Batting: SHB Allen King 0-0: Ball
1-0: Fly out, F7 (Flyball, 7)
Batting: RHB Andrés Macíal 0-0: Ball
1-0: Ball
2-0: Called Strike
2-1: Foul Ball, location: 2F
2-2: Strikes out swinging
Batting: RHB Elliott Crouch 0-0: Ball
1-0: Foul Ball, location: 2F
1-1: Foul Ball, location: 2F
1-2: Strikes out swinging
Bottom of the 6th over - 0 run(s), 0 hit(s), 0 error(s), 0 left on base; Oklahoma State 1 - Oklahoma 13
TOP OF THE 7TH
Oklahoma State Cowboys batting - Pitching for Oklahoma Sooners : RHP Sean Williams
Batting: RHB Sean Merritt 0-0: SINGLE (Groundball, 6MD)
Batting: SHB Steve Miner 0-0: Hit by Pitch
Sean Merritt to second
Batting: RHB Doug Wells 0-0: 3-RUN HOME RUN (Flyball, 7LD), Distance : 331 ft
Batting: SHB Myles Hopkins 0-0: SINGLE (Line Drive, 4M)
Batting: RHB Derrek Lane 0-0: Grounds into double play, 6-4-3 (Groundball, 6)
Batting: RHB Brian Baker 0-0: Ball
1-0: Ball
2-0: Single, Error in OF, E7, batter to second base
Batting: SHB Jacob Lachance 0-0: Called Strike
0-1: Swinging Strike
0-2: Ball
1-2: Ball
2-2: 2-RUN HOME RUN (Flyball, 89XD), Distance : 376 ft
Batting: RHB Burt Sharp 0-0: Ball
1-0: Called Strike
1-1: Ground out 4-3 (Groundball, 4S)
Top of the 7th over - 5 run(s), 5 hit(s), 1 error(s), 0 left on base; Oklahoma State 6 - Oklahoma 13
BOTTOM OF THE 7TH
Oklahoma Sooners batting - Pitching for Oklahoma State Cowboys : LHP Michael Terry
Batting: RHB Ambrosio Hernández 0-0: Swinging Strike
0-1: Called Strike
0-2: Ball
1-2: Foul Ball, location: 2F
1-2: Ball
2-2: Strikes out swinging
Batting: RHB Fernando Gómez 0-0: Called Strike
0-1: Ball
1-1: Foul Ball, location: 2F
1-2: Strikes out looking
Batting: LHB Mark Watson 0-0: Ball
1-0: Called Strike
1-1: Ball
2-1: Ball
3-1: Base on Balls
Batting: RHB Rafael Barajas 0-0: Foul Ball, location: 2F
0-1: Swinging Strike
0-2: Fly out, F9 (Flyball, 9D)
Bottom of the 7th over - 0 run(s), 0 hit(s), 0 error(s), 1 left on base; Oklahoma State 6 - Oklahoma 13
TOP OF THE 8TH
Oklahoma State Cowboys batting - Pitching for Oklahoma Sooners : RHP Sean Williams
Pitching: RHP Andrew McCarthy
Now in CF: Sidney Boyd
Batting: SHB Ernest Hood 0-0: Ball
1-0: Swinging Strike
1-1: Ball
2-1: Ground out 4-3 (Groundball, 34)
Batting: RHB Sean Merritt 0-0: Ball
1-0: Fly out, F4 (Popup, 4)
Batting: SHB Steve Miner 0-0: Fly out, F7 (Flyball, 78S)
Top of the 8th over - 0 run(s), 0 hit(s), 0 error(s), 0 left on base; Oklahoma State 6 - Oklahoma 13
BOTTOM OF THE 8TH
Oklahoma Sooners batting - Pitching for Oklahoma State Cowboys : LHP Michael Terry
Batting: RHB Albert Morán 0-0: Foul Ball, location: 2F
0-1: Called Strike
0-2: Ball
1-2: Ball
2-2: Foul Ball, location: 2F
2-2: Strikes out swinging
Batting: RHB Bryant Caldwell 0-0: Ball
1-0: Ball
2-0: Ball
3-0: Base on Balls
Batting: SHB Allen King 0-0: Called Strike
0-1: Ball
1-1: Swinging Strike
1-2: Ball
2-2: Foul Ball, location: 2F
2-2: Ball
3-2: DOUBLE (Groundball, 5L)
Bryant Caldwell to third
Pitching: RHP Alfonso Rodríguez
Batting: RHB Andrés Macíal 0-0: Called Strike
0-1: Foul Ball, location: 2F
0-2: Ball
1-2: Strikes out swinging
Batting: RHB Elliott Crouch 0-0: Foul Ball, location: 2F
0-1: Foul Ball, location: 2F
0-2: Ball
1-2: Ball
2-2: Foul Ball, location: 2F
2-2: Strikes out looking
Bottom of the 8th over - 0 run(s), 1 hit(s), 0 error(s), 2 left on base; Oklahoma State 6 - Oklahoma 13
TOP OF THE 9TH
Oklahoma State Cowboys batting - Pitching for Oklahoma Sooners : RHP Andrew McCarthy
Batting: RHB Doug Wells 0-0: Called Strike
0-1: Ball
1-1: Foul Ball, location: 2F
1-2: Ball
2-2: Ground out 6-3 (Groundball, 6)
Batting: SHB Myles Hopkins 0-0: Called Strike
0-1: Swinging Strike
0-2: Foul Ball, location: 2F
0-2: Strikes out looking
Batting: RHB Derrek Lane 0-0: Called Strike
0-1: Called Strike
0-2: Ball
1-2: Foul Ball, location: 2F
1-2: Ground out 1-3 (Groundball, P)
Top of the 9th over - 0 run(s), 0 hit(s), 0 error(s), 0 left on base; Oklahoma State 6 - Oklahoma 13
Tuesday, August 8th, 2017 - OOTP Baseball 17.12 Build 75